[ AOE2 MATCH · #494411102 ]
UnrankedCumans vs Mongols
Player's team · LOSS
Rival team · WIN
[ REPLAY ANALYSIS · EXTRACTED FROM THE RECORDED GAME ]
Feudal
12:43
Castle
32:21
Imperial
45:28
| APM avg | 24.7 |
| APM peak | 51 |
| eAPM avg | 15.4 |
| Villagers / military | 187 / 526 |
Focus
⚔️ 41.5% · 🌾 58.5%
Skirmisher ×208 · Spearman ×149 · Scout Cavalry ×112 · Trebuchet (Packed) ×36 · Monk ×7 · Mangonel ×5
Feudal
10:36
Castle
29:59
Imperial
48:32
| APM avg | 57.0 |
| APM peak | 91 |
| eAPM avg | 32.8 |
| Villagers / military | 160 / 321 |
Focus
⚔️ 51.5% · 🌾 48.5%
Scout Cavalry ×149 · Mangudai ×91 · Archer ×45 · Knight ×24 · Trebuchet (Packed) ×11 · Skirmisher ×1
Match map
Initial resources + every placement click. Lines = walls · curves = elevation contours. ◆ gold · ⬟ stone · ● berries · ✦ relic · ◌ wall gap
Your base· Open — unwalled flank
HaRrieR's base· Open — 3t gap
Smoothed initial terrain · ◌ = detected wall gap · hover for details
Inputs per minute
— Dr. Delta - - HaRrieR
Build order — Dr. Delta
First 150 of 517 actions detected
| 1:35 | Build | Town Center |
| 3:03 | Create | Villager (Male) |
| 3:03 | Create | Villager (Male) |
| 3:04 | Create | Villager (Male) |
| 3:04 | Create | Villager (Male) |
| 3:04 | Create | Villager (Male) |
| 4:12 | Create | Villager (Male) |
| 4:24 | Create | Villager (Male) |
| 4:58 | Research | Loom |
| 4:58 | Create | Villager (Male) |
| 5:12 | Create | Villager (Male) |
| 5:36 | Build | Lumber Camp |
| 6:02 | Create | Villager (Male) |
| 6:02 | Create | Villager (Male) |
| 7:23 | Build | Mill |
| 7:30 | Create | Villager (Male) |
| 7:31 | Create | Villager (Male) |
| 7:46 | Create | Villager (Male) |
| 7:51 | Build | House |
| 9:01 | Build | Mill |
| 9:10 | Create | Villager (Male) |
| 9:10 | Create | Villager (Male) |
| 9:44 | Create | Villager (Male) |
| 10:33 | Research | Feudal Age |
| 11:04 | Build | Mining Camp |
| 12:02 | Build | House |
| 12:12 | Create | Villager (Male) |
| 12:12 | Create | Villager (Male) |
| 12:43 | Age | Feudal Age |
| 12:43 | Create | Villager (Male) |
| 12:43 | Create | Villager (Male) |
| 12:49 | Build | Blacksmith |
| 12:53 | Research | Double-Bit Axe |
| 13:17 | Build | Watch Tower |
| 13:22 | Research | Fletching |
| 13:30 | Build | Watch Tower |
| 14:00 | Create | Villager (Male) |
| 14:01 | Create | Villager (Male) |
| 14:01 | Create | Villager (Male) |
| 14:06 | Build | Siege Workshop |
| 15:14 | Create | Battering Ram |
| 15:22 | Create | Villager (Male) |
| 15:46 | Build | House |
| 16:04 | Build | Watch Tower |
| 16:11 | Build | House |
| 16:13 | Create | Villager (Male) |
| 16:13 | Create | Villager (Male) |
| 16:32 | Create | Battering Ram |
| 16:58 | Build | Watch Tower |
| 17:23 | Create | Villager (Male) |
| 17:25 | Create | Battering Ram |
| 18:40 | Create | Battering Ram |
| 18:42 | Create | Villager (Male) |
| 19:15 | Create | Battering Ram |
| 19:42 | Create | Villager (Male) |
| 19:42 | Create | Villager (Male) |
| 19:47 | Build | House |
| 19:48 | Build | House |
| 20:01 | Build | Watch Tower |
| 20:34 | Create | Villager (Male) |
| 21:32 | Build | Watch Tower |
| 21:41 | Build | Mill |
| 21:43 | Create | Villager (Male) |
| 22:08 | Build | Farm |
| 22:11 | Build | Farm |
| 22:15 | Build | Town Center |
| 22:33 | Build | Watch Tower |
| 23:33 | Build | Lumber Camp |
| 23:47 | Create | Villager (Male) |
| 23:47 | Create | Villager (Male) |
| 24:16 | Build | Watch Tower |
| 24:23 | Build | Farm |
| 24:26 | Build | Farm |
| 24:29 | Build | Farm |
| 24:36 | Create | Villager (Male) |
| 24:36 | Create | Villager (Male) |
| 24:54 | Create | Villager (Male) |
| 25:35 | Create | Villager (Male) |
| 25:43 | Build | Barracks |
| 25:57 | Create | Villager (Male) |
| 25:58 | Create | Villager (Male) |
| 25:58 | Create | Villager (Male) |
| 26:08 | Build | Mining Camp |
| 26:33 | Build | Stable |
| 26:50 | Create | Villager (Male) |
| 26:50 | Create | Villager (Male) |
| 26:56 | Build | Farm |
| 26:56 | Build | Farm |
| 26:57 | Build | Farm |
| 27:00 | Build | Farm |
| 27:31 | Create | Villager (Male) |
| 27:32 | Create | Villager (Male) |
| 27:37 | Build | Market |
| 27:40 | Create | Villager (Male) |
| 27:49 | Create | Scout Cavalry |
| 28:03 | Build | Farm |
| 28:03 | Build | Farm |
| 28:12 | Create | Villager (Male) |
| 28:13 | Create | Villager (Male) |
| 28:18 | Build | Mill |
| 28:26 | Create | Villager (Male) |
| 28:26 | Create | Villager (Male) |
| 29:04 | Create | Villager (Male) |
| 29:07 | Build | House |
| 29:09 | Build | House |
| 29:13 | Research | Town Watch |
| 29:41 | Research | Castle Age |
| 30:04 | Create | Villager (Male) |
| 30:04 | Create | Villager (Male) |
| 30:18 | Build | Mill |
| 30:19 | Build | Farm |
| 30:20 | Build | Farm |
| 30:24 | Build | Farm |
| 30:24 | Build | Farm |
| 30:25 | Research | Horse Collar |
| 30:28 | Create | Villager (Male) |
| 31:12 | Build | Farm |
| 31:12 | Build | Farm |
| 31:12 | Build | Farm |
| 31:13 | Build | Farm |
| 31:14 | Build | Farm |
| 31:17 | Build | Farm |
| 31:18 | Build | Farm |
| 31:19 | Build | Farm |
| 31:21 | Create | Villager (Male) |
| 31:22 | Create | Villager (Male) |
| 31:42 | Build | Farm |
| 31:47 | Build | Farm |
| 31:59 | Build | House |
| 32:01 | Build | House |
| 32:21 | Age | Castle Age |
| 32:30 | Build | Castle |
| 32:42 | Research | Wheelbarrow |
| 32:48 | Research | Bodkin Arrow |
| 32:57 | Research | Heavy Plow |
| 32:57 | Create | Villager (Male) |
| 32:58 | Create | Villager (Male) |
| 33:07 | Create | Knight |
| 33:10 | Create | Villager (Male) |
| 33:10 | Create | Villager (Male) |
| 33:15 | Create | Mangonel |
| 33:16 | Create | Villager (Male) |
| 33:24 | Build | Castle |
| 33:30 | Build | Lumber Camp |
| 34:04 | Create | Villager (Male) |
| 34:04 | Create | Villager (Male) |
| 34:05 | Create | Villager (Male) |
| 34:05 | Create | Villager (Male) |
| 34:22 | Build | Farm |
| 34:27 | Build | Farm |
Build order — HaRrieR
First 150 of 741 actions detected
| 0:10 | Build | Town Center |
| 1:14 | Create | Villager (Male) |
| 1:14 | Create | Villager (Male) |
| 1:15 | Create | Villager (Male) |
| 1:18 | Create | Villager (Male) |
| 2:13 | Create | Villager (Male) |
| 3:17 | Create | Villager (Male) |
| 3:59 | Create | Villager (Male) |
| 3:59 | Create | Villager (Male) |
| 4:09 | Create | Villager (Male) |
| 4:18 | Build | Lumber Camp |
| 4:34 | Build | House |
| 5:03 | Create | Villager (Male) |
| 5:11 | Create | Villager (Male) |
| 5:27 | Build | Mill |
| 5:32 | Create | Villager (Male) |
| 5:32 | Create | Villager (Male) |
| 5:33 | Create | Villager (Male) |
| 5:33 | Create | Villager (Male) |
| 5:36 | Research | Loom |
| 6:18 | Create | Villager (Male) |
| 6:26 | Build | House |
| 6:48 | Build | House |
| 6:56 | Build | House |
| 6:59 | Build | House |
| 7:09 | Create | Villager (Male) |
| 7:26 | Build | House |
| 7:54 | Create | Villager (Male) |
| 8:03 | Build | Mill |
| 8:10 | Research | Feudal Age |
| 8:16 | Build | House |
| 8:22 | Build | House |
| 8:28 | Build | Palisade Wall |
| 8:30 | Build | Palisade Wall |
| 8:31 | Build | Palisade Wall |
| 8:34 | Build | Palisade Wall |
| 9:12 | Build | Barracks |
| 10:33 | Build | Barracks |
| 10:36 | Age | Feudal Age |
| 10:36 | Create | Villager (Male) |
| 10:36 | Create | Villager (Male) |
| 10:37 | Create | Villager (Male) |
| 11:04 | Create | Villager (Male) |
| 11:09 | Build | Archery Range |
| 11:41 | Build | Mill |
| 11:46 | Create | Archer |
| 12:07 | Create | Villager (Male) |
| 12:09 | Create | Villager (Male) |
| 12:46 | Build | Blacksmith |
| 12:52 | Build | Mining Camp |
| 12:57 | Create | Archer |
| 12:57 | Create | Archer |
| 13:19 | Create | Archer |
| 13:29 | Build | Watch Tower |
| 13:44 | Build | House |
| 13:50 | Create | Archer |
| 14:16 | Create | Archer |
| 14:21 | Create | Villager (Male) |
| 14:21 | Create | Villager (Male) |
| 14:29 | Create | Villager (Male) |
| 14:29 | Create | Villager (Male) |
| 14:42 | Create | Villager (Male) |
| 14:42 | Create | Villager (Male) |
| 14:43 | Create | Archer |
| 14:43 | Create | Archer |
| 15:01 | Create | Villager (Male) |
| 15:11 | Create | Villager (Male) |
| 15:24 | Create | Archer |
| 15:35 | Create | Archer |
| 16:01 | Research | Double-Bit Axe |
| 16:42 | Create | Archer |
| 16:47 | Research | Fletching |
| 16:53 | Create | Villager (Male) |
| 16:54 | Build | House |
| 17:10 | Build | Archery Range |
| 17:14 | Create | Archer |
| 17:14 | Create | Archer |
| 17:40 | Create | Archer |
| 17:41 | Create | Archer |
| 17:41 | Create | Archer |
| 17:48 | Create | Villager (Male) |
| 18:06 | Create | Archer |
| 18:06 | Create | Archer |
| 18:32 | Create | Villager (Male) |
| 18:32 | Create | Villager (Male) |
| 18:32 | Create | Villager (Male) |
| 18:33 | Create | Villager (Male) |
| 18:42 | Create | Archer |
| 18:46 | Build | House |
| 18:48 | Build | House |
| 18:51 | Build | House |
| 18:56 | Create | Villager (Male) |
| 19:14 | Create | Archer |
| 19:14 | Create | Archer |
| 19:17 | Create | Archer |
| 19:35 | Create | Villager (Male) |
| 20:15 | Create | Archer |
| 20:15 | Create | Archer |
| 20:18 | Create | Archer |
| 20:23 | Build | Lumber Camp |
| 20:30 | Build | House |
| 20:31 | Build | House |
| 20:33 | Build | House |
| 20:36 | Build | House |
| 21:15 | Create | Archer |
| 21:29 | Build | Archery Range |
| 21:37 | Build | House |
| 21:37 | Build | House |
| 21:48 | Build | House |
| 21:51 | Build | House |
| 21:56 | Build | House |
| 21:59 | Build | House |
| 22:11 | Create | Archer |
| 22:22 | Build | Town Center |
| 22:57 | Build | Lumber Camp |
| 23:09 | Build | Mill |
| 23:15 | Create | Archer |
| 23:16 | Create | Archer |
| 23:20 | Build | Lumber Camp |
| 23:34 | Build | Archery Range |
| 23:37 | Build | House |
| 23:39 | Build | House |
| 23:39 | Build | House |
| 23:40 | Build | House |
| 24:17 | Create | Archer |
| 24:17 | Create | Archer |
| 24:17 | Create | Archer |
| 24:29 | Build | House |
| 24:29 | Build | House |
| 24:30 | Build | House |
| 24:30 | Build | House |
| 25:09 | Build | Outpost |
| 25:14 | Create | Villager (Male) |
| 25:14 | Create | Villager (Male) |
| 25:14 | Create | Villager (Male) |
| 25:18 | Build | Lumber Camp |
| 25:19 | Create | Villager (Male) |
| 25:19 | Create | Villager (Male) |
| 25:43 | Build | Mining Camp |
| 25:48 | Create | Villager (Male) |
| 26:01 | Create | Archer |
| 26:06 | Build | Outpost |
| 26:37 | Build | Stable |
| 26:40 | Create | Archer |
| 26:40 | Create | Archer |
| 26:57 | Create | Archer |
| 27:06 | Create | Villager (Male) |
| 27:15 | Research | Castle Age |
| 27:25 | Build | Mining Camp |
| 27:29 | Build | House |
Match timeline
| 8:28 | HaRrieR · wall_segment Palisade Wall x1 |
| 8:30 | HaRrieR · wall_segment Palisade Wall x1 |
| 8:31 | HaRrieR · wall_segment Palisade Wall x1 |
| 8:34 | HaRrieR · wall_segment Palisade Wall x1 |
| 9:12 | HaRrieR · first_building Barracks |
| 10:36 | HaRrieR · age_up feudal |
| 11:09 | HaRrieR · first_building Archery Range |
| 12:43 | Dr. Delta · age_up feudal |
| 14:06 | Dr. Delta · first_building Siege Workshop |
| 25:43 | Dr. Delta · first_building Barracks |
| 26:33 | Dr. Delta · first_building Stable |
| 26:37 | HaRrieR · first_building Stable |
| 29:32 | Dr. Delta · first_market_buy 100 food |
| 29:59 | HaRrieR · age_up castle |
| 32:21 | Dr. Delta · age_up castle |
| 32:30 | Dr. Delta · first_building Castle |
| 34:21 | HaRrieR · first_building Castle |
| 35:02 | HaRrieR · first_market_sell 100 wood |
| 36:25 | Dr. Delta · first_building Monastery |
| 36:45 | HaRrieR · first_market_buy 100 stone |
| 41:09 | Dr. Delta · first_market_sell 500 stone |
| 45:28 | Dr. Delta · age_up imperial |
| 46:12 | Dr. Delta · first_building Archery Range |
| 48:32 | HaRrieR · age_up imperial |
| 71:42 | Dr. Delta · resign |
[ AI ANALYSIS · 1 CREDIT ]
What really happened in this match?
Wolo.gg analyzes every decision: build order, eco, micro, common mistakes by bracket. Personalized analysis on WhatsApp or Discord in 30 seconds.
Civ guide
Cumans
Perfil
Dr. Delta